 Dungeon Crawl Stone Soup version 0.31-a0-771-g505c3d19dc (webtiles) character file.

Game seed: 13841114094503743764

2541 Darius099 the Cleaver (level 9, 0/68 (70) HPs)
             Began as a Minotaur Fighter on Sept 17, 2023.
             Was a Follower of Okawaru.
             Slain by a white ugly thing (25 damage)
             ... on level 8 of the Dungeon.
             The game lasted 00:20:09 (5810 turns).

Darius099 the Cleaver (Minotaur Fighter)            Turns: 5810, Time: 00:20:10

HP:   0/68 (70)     AC: 15    Str: 24    XL:     9   Next: 30%
MP:   6/8           EV:  9    Int:  5    God:    Okawaru [*.....]
Gold: 362           SH: 15    Dex: 11    Spells: 8/8 levels left

rFire   . . .        a - +0 war axe
rCold   . . .        F - +0 kite shield
rNeg    . . .        D - +0 chain mail
rPois   +            (helmet restricted)
rElec   .            y - +0 cloak {rPois}
rCorr   .            u - +0 pair of gloves
SInv    .            t - +0 pair of boots
Will    .....        m - amulet of reflection Stlth
                     (no ring)
HPRegen 0.31/turn    (no ring)
MPRegen 0.11/turn

%: reflection
@: heroic, lightly drained
A: horns 2, retaliatory headbutt
a: Renounce Religion, Heroism


You were on level 8 of the Dungeon.
You worshipped Okawaru.
Okawaru was aware of your devotion.
You visited 2 branches of the dungeon, and saw 9 of its levels.

You collected 362 gold pieces.

Inventory:

Hand Weapons
 a - a +0 war axe (weapon)
Armour
 c - a +0 buckler
 t - a +0 pair of boots (worn)
 u - a +0 pair of gloves (worn)
 y - a +0 cloak of poison resistance (worn)
 D - a +0 chain mail (worn)
 F - a +0 kite shield (worn)
Jewellery
 m - an amulet of reflection (around neck)
Wands
 j - a wand of flame (35)
 B - a wand of digging (6)
Scrolls
 b - a scroll of enchant weapon {unknown}
 i - a scroll of fear {unknown}
 k - 4 scrolls of fog {unknown}
 l - 4 scrolls of blinking {unknown}
 n - 3 scrolls of brand weapon {unknown}
 p - 5 scrolls of teleportation {unknown}
 q - 3 scrolls of amnesia {unknown}
 r - a scroll of immolation {unknown}
 s - 3 scrolls of identify {unknown}
 v - a scroll of enchant armour {unknown}
 w - a scroll of revelation {unknown}
 A - a scroll of noise {unknown}
 C - a scroll of vulnerability {unknown}
Potions
 d - a potion of might
 e - a potion of attraction {unknown}
 f - 4 potions of curing {unknown}
 g - a potion of lignification {unknown}
 h - 2 potions of enlightenment {unknown}
 o - 2 potions of brilliance {unknown}
 x - a potion of haste {unknown}
 z - a potion of invisibility {unknown}
 E - a potion of degeneration {unknown}


   Skills:
 - Level 3.6(8.6) Fighting
 + Level 14.9(19.9) Axes
 - Level 3.6(8.6) Armour
 - Level 3.6(8.6) Shields


You had 8 spell levels left.
You didn't know any spells.
Your spell library contained the following spells:

 Spells                   Type           Power      Damage    Failure   Level
 Slow                     Hex            0%         N/A       99%         1
 Confusing Touch          Hex            0%         N/A       100%        3
 Dazzling Flash           Conj/Hex       0%         N/A       100%        3
 Sigil of Binding         Hex            0%         N/A       100%        3
 Vampiric Draining        Necr           0%         2d6       100%        3
 Dimensional Bullseye     Hex/Tloc       0%         N/A       100%        4
 Leda's Liquefaction      Hex/Erth       0%         N/A       100%        4
 Agony                    Necr           0%         N/A       100%        5
 Fireball                 Conj/Fire      0%         3d3       100%        5
 Silence                  Hex/Air        0%         N/A       100%        5
 Lehudib's Crystal Spear  Conj/Erth      0%         10d2      100%        8
 Call Canine Familiar     Summ           Unusable   N/A       N/A         3

Dungeon Overview and Level Annotations

Branches:
Dungeon (8/15)             Temple (1/1) D:5
   Lair: D:8-11

Altars:
Ashenzari
Cheibriados
Dithmenos
Elyvilon
Fedhas
Gozag
Hepliaklqana
Kikubaaqudgha
Makhleb
Nemelex Xobeh
Okawaru
Qazlal
Sif Muna
Trog
Uskayaw
Vehumet
Wu Jian
Xom
Zin
The Shining One


Innate Abilities, Weirdness & Mutations

You have a pair of horns on your head.
You reflexively headbutt those who attack you in melee.


Message History

The orc wizard flickers and vanishes!
Deactivating autopickup; reactivate with Ctrl-A.
The orc hits you with a +0 short sword.
You slash the orc!
You kill the orc!
Okawaru accepts your kill. You block the wight's attack.
The wight hits you with a +0 trident.
You feel drained.
Things that are here:
a +0 short sword; a +0 leather armour You hit the wight but do no damage.
The wight hits you but does no damage.
You hit the wight but do no damage. The wight hits you with a +0 trident!
You feel drained.
You gain the combat prowess of a mighty hero.
The wight hits you but does no damage.
You slash the wight!
The wight is severely damaged.
You hit the wight.
The wight is almost destroyed.
The wight hits you but does no damage.
You barely miss the wight. Your headbutt misses the wight.
The wight is almost destroyed.
You block the wight's attack.
You hit the wight.
You destroy the wight!
Okawaru accepts your kill.
You slice the white ugly thing!!
You headbutt the white ugly thing, but do no damage.
The white ugly thing is moderately wounded.
The white ugly thing stings you. The white ugly thing freezes you!!
You slash the white ugly thing!
Your headbutt misses the white ugly thing.
The white ugly thing is heavily wounded.
The white ugly thing stings you but does no damage.
You slash the white ugly thing!
The white ugly thing is severely wounded.
You barely miss the white ugly thing. You headbutt the white ugly thing!
The white ugly thing is severely wounded.
The white ugly thing stings you. The white ugly thing freezes you!!
You die...

##.# #.# #.# #.# #.#
###.## #....#
...#############....#
....zzu@))..........#
...oo###########....#
... #....# . ######


You could see a white ugly thing, 2 wights and 2 orcs.

Vanquished Creatures
  Pikel (D:6)
  Eustachio (D:4)
  3 water moccasins
  A sky beast (D:7)
  A black bear (D:6)
  4 lemures
  2 bullfrogs (D:6)
  2 kobold brigands
  2 gnoll sergeants
  4 scorpions
  A wight (D:8)
  6 hounds
  3 jellies
  An orc priest (D:5)
  Jessica (D:2)
  2 iguanas
  2 orc wizards (D:5)
  9 adders
  11 gnolls
  A white imp (D:7)
  An ufetubus (D:4)
  A worm (D:3)
  2 dart slugs
  15 orcs
  8 endoplasms
  2 giant cockroaches (D:4)
  13 goblins
  6 hobgoblins
  2 jackals (D:3)
  7 kobolds
  3 quokkas
  4 ball pythons
  9 bats
  2 frilled lizards (D:1)
  4 rats
137 creatures vanquished.

Notes
Turn   | Place    | Note
-------+----------+-------------------------------------------
     0 | D:1      | Darius099 the Minotaur Fighter began the quest for the Orb.
     0 | D:1      | Reached XP level 1. HP: 19/19 MP: 0/0
    49 | D:1      | Reached skill level 3 in Axes
   138 | D:1      | Reached XP level 2. HP: 26/26 MP: 1/1
   253 | D:1      | Reached skill level 4 in Axes
   466 | D:1      | Reached XP level 3. HP: 31/31 MP: 2/2
   835 | D:2      | Got peculiar
   938 | D:2      | Noticed Jessica
   947 | D:2      | Killed Jessica
   948 | D:2      | Reached skill level 5 in Axes
   948 | D:2      | Reached XP level 4. HP: 24/39 MP: 3/3
  1542 | D:2      | Reached skill level 6 in Axes
  1778 | D:3      | Reached XP level 5. HP: 34/45 MP: 4/4
  2169 | D:3      | Reached skill level 7 in Axes
  2693 | D:4      | Noticed Eustachio
  2701 | D:4      | Reached XP level 6. HP: 27/51 MP: 5/5
  2702 | D:4      | Killed Eustachio
  2703 | D:4      | Reached skill level 8 in Axes
  2994 | D:4      | Reached skill level 9 in Axes
  2994 | D:4      | Reached XP level 7. HP: 36/57 MP: 6/6
  3167 | D:4      | Reached skill level 10 in Axes
  3394 | D:5      | Entered Level 5 of the Dungeon
  3553 | D:5      | Reached skill level 11 in Axes
  3943 | D:5      | Found a staircase to the Ecumenical Temple.
  4034 | Temple   | Entered the Ecumenical Temple
  4110 | D:6      | Noticed Pikel
  4170 | D:6      | Killed Pikel
  4171 | D:6      | Reached skill level 12 in Axes
  4171 | D:6      | Reached XP level 8. HP: 42/64 MP: 7/7
  4258 | D:6      | Found an iron altar of Okawaru.
  4261 | D:6      | Became a worshipper of Warmaster Okawaru
  4310 | D:6      | Reached skill level 13 in Axes
  4875 | D:6      | Reached skill level 14 in Axes
  4875 | D:6      | Reached XP level 9. HP: 69/70 MP: 8/8
  4944 | D:7      | Reached * piety under Okawaru
  5795 | D:8      | Noticed a white ugly thing
  5810 | D:8      | Slain by a white ugly thing

Illustrated notes

Levels and vault maps discovered:
D:1:      psy_arrival_heroes, layout_loops_ring, minmay_box_of_dots
D:2:      minmay_spotlight, layout_basic, uniq_jessica
D:3:      layout_basic, serial_co_window_serial, co_window_paths_a,
          co_window_corner_a, co_window_corner_a, co_window_corner_a,
          co_window_paths_a, co_window_paths_c, co_window_unsneaky_path_c,
          co_window_2corner, glass_columns_a
D:4:      layout_loops_cross, uniq_eustachio
D:5:      layout_cave_pools, minmay_temple_entry_enclosed_plants
D:6:      layout_gridville, kennysheep_mini, palyth_stone_intersect,
          minmay_strange_pillars, kennysheep_generic_room_3, uniq_pikel
D:7:      layout_loops_cross, minmay_strange_pillars, kennysheep_generic_room_4
D:8:      layout_rooms, minmay_lindwurm_lava
Temple:   hellmonk_temple_of_storms

Skill      XL: |  1  2  3  4  5  6  7  8 |
---------------+-------------------------+-----
Axes           | 3 4 5 6 7 9 12 14 | 14.9
Fighting       | |  3.6
Armour         | |  3.6
Shields        | |  3.6

Action                     |  1- 3 |  4- 6 |  7- 9 || total
---------------------------+-------+-------+-------++-------
  Melee: War axe           |    78 |    96 |   192 ||   366
         Headbutt          |    11 |    22 |    33 ||    66
 Invoke: Heroism           |       |       |     1 ||     1
 Armour: Scale mail        |    51 |    56 |       ||   107
         Leather armour    |       |    12 |    72 ||    84
         Chain mail        |       |       |    47 ||    47
  Dodge: Dodged            |    28 |    36 |    59 ||   123
  Block: Buckler           |    23 |    43 |    66 ||   132
         Reflection        |       |       |     2 ||     2
         Kite shield       |       |       |    13 ||    13

Table legend: (Time is in decaauts)
 A = Elapsed time spent in this place.
 B = Non-inter-level travel time spent in this place.
 C = Inter-level travel time spent in this place.
 D = Time resting spent in this place.
 E = Time spent auto-exploring this place.
 F = Levels seen in this place.
 G = Mean time per level.
                   A        B        C        D        E       F      G
               +--------+--------+--------+--------+--------+-----+--------+
         Total |   5839 |   5566 |    273 |    319 |   3813 |   9 |  648.8 |
       Dungeon |   5798 |   5525 |    273 |    319 |   3813 |   8 |  724.8 |
        Temple |     40 |     40 |      0 |      0 |      0 |   1 |   40.0 |
               +--------+--------+--------+--------+--------+-----+--------+

Top non-repeatable levels by time:
     D:3: 943 daAuts
     D:4: 909 daAuts
     D:1: 801 daAuts
     D:6: 797 daAuts
     D:2: 785 daAuts
     D:7: 756 daAuts
     D:5: 691 daAuts
     D:8: 113 daAuts
  Temple: 40 daAuts
